 Dungeon Crawl Stone Soup version 0.28.0-45-g0d030f2227 (webtiles) character file.

Game seed: 14260261315403590335

9907 Kaptain the Geomancer (level 11, -10/69 HPs)
             Began as a Gargoyle Earth Elementalist on Mar 31, 2022.
             Killed from afar by a rime drake (23 damage)
             ... with a flash freeze
             ... on level 1 of the Lair of Beasts.
             The game lasted 00:20:39 (11899 turns).

Kaptain the Geomancer (GrEE)                       Turns: 11899, Time: 00:20:39

Health: -10/69     AC: 16    Str: 12    XL:     11   Next: 53%
Magic:  16/31      EV: 13    Int: 20    God:
Gold:   425        SH:  0    Dex: 13    Spells: 18/24 levels left

rFire   . . .      SeeInvis .   M - +5 battleaxe
rCold   . . .      Faith    .   (shield currently unavailable)
rNeg    + . .      Spirit   .   x - +0 leather armour
rPois   ∞          Reflect  .   (no helmet)
rElec   +          Harm     .   I - +0 cloak
rCorr   .          Rampage  .   D - +0 pair of gloves
Will    .....                   m - +1 pair of boots of the Barnacle {+Inv}
Stlth   ++........              d - amulet "Ixzeizoj" {RegenMP Dex+3}
HPRegen 0.21/turn               p - ring of flight
MPRegen 0.62/turn               r - ring of magical power

@: flying
A: sickness immunity, AC +8, negative energy resistance 1, electricity
resistance, torment resistance 1, petrification resistance
a: Evoke Invisibility


You were on level 1 of the Lair of Beasts.
You visited 3 branches of the dungeon, and saw 12 of its levels.

You collected 425 gold pieces.

Inventory:

Hand Weapons
 h - a +0 hunting sling
 n - a +1 trident of protection
 v - a +4 short sword
 M - a +5 battleaxe (weapon)
Missiles
 b - 10 javelins
 l - 183 sling bullets
 s - 145 stones
 t - 5 silver javelins
Armour
 m - the +1 pair of boots of the Barnacle (worn) {+Inv}
   (You found it on level 4 of the Dungeon)

   +Inv:      It lets you turn invisible.
 q - a +4 scale mail of positive energy
 x - a +0 leather armour (worn)
 D - a +0 pair of gloves (worn)
 I - a +0 cloak (worn)
 L - a +0 kite shield
Jewellery
 d - the amulet "Ixzeizoj" (around neck) {RegenMP Dex+3}
   (You found it on level 2 of the Dungeon)

   [amulet of magic regeneration]

   It increases your rate of magic regeneration.
   Dex:       It affects your dexterity (+3).
 p - a ring of flight (left hand)
 r - a ring of magical power (right hand)
 A - a +4 ring of slaying
 H - a ring of positive energy
 K - a ring of fire
Wands
 a - a wand of polymorph (17)
 j - a wand of charming (13)
 J - a wand of flame (17)
Scrolls
 f - 2 scrolls of magic mapping
 i - 2 scrolls of teleportation
 w - 2 scrolls of blinking {unknown}
 y - 5 scrolls of amnesia
 B - 3 scrolls of identify
 C - 2 scrolls of immolation
 E - 2 scrolls of holy word {unknown}
 F - 3 scrolls of enchant armour
 N - a scroll of summoning {unknown}
Potions
 c - 9 potions of curing
 e - 4 potions of berserk rage
 g - 3 potions of flight
 k - a potion of heal wounds
 o - a potion of lignification {unknown}
 u - a potion of haste
 z - a potion of brilliance {unknown}
 G - a potion of degeneration {unknown}


   Skills:
 * Level 8.4 Fighting
 + Level 5.9 Armour
 + Level 4.8 Dodging
 + Level 3.6 Stealth
 + Level 2.4 Shields
 * Level 7.4 Spellcasting
 * Level 8.5 Conjurations
 - Level 0.7 Transmutations
 * Level 10.1 Earth Magic


You had 18 spell levels left.
You knew the following spells:

 Your Spells              Type           Power      Damage    Failure   Level
a - Sandblast             Erth           96%        2d20      1%          1
b - Stone Arrow           Conj/Erth      88%        3d12      1%          3
c - Blink                 Tloc           14%        N/A       17%         2

Your spell library contained the following spells:

 Spells                   Type           Power      Damage    Failure   Level
 Passwall                 Tmut/Erth      24%        N/A       1%          2
 Dazzling Flash           Conj/Hex       48%        N/A       6%          3
 Mephitic Cloud           Conj/Pois/Air  18%        N/A       11%         3
 Animate Skeleton         Necr           14%        N/A       12%         1
 Petrify                  Tmut/Erth      29%        N/A       12%         4
 Animate Armour           Summ/Erth      54%        N/A       14%         4
 Corpse Rot               Necr/Air       14%        N/A       17%         2
 Ensorcelled Hibernation  Hex/Ice        14%        N/A       17%         2
 Poisonous Vapours        Pois/Air       14%        N/A       17%         2
 Lesser Beckoning         Tloc           7%         N/A       34%         3
 Swiftness                Air            7%         N/A       34%         3
 Agony                    Necr           7%         N/A       97%         5
 Excruciating Wounds      Necr           3%         N/A       97%         5
 Manifold Assault         Tloc           7%         N/A       97%         5
 Silence                  Hex/Air        3%         N/A       97%         5
 Lehudib's Crystal Spear  Conj/Erth      22%        10d6      100%        8
 Death's Door             Necr           3%         N/A       100%        9


Dungeon Overview and Level Annotations

Branches:
Dungeon (10/15)            Temple (1/1) D:7            Lair (1/6) D:9
    Orc: D:9-12

Altars:
Ashenzari
Cheibriados
Dithmenos
Elyvilon
Fedhas
Gozag
Hepliaklqana
Kikubaaqudgha
Makhleb
Nemelex Xobeh
Okawaru
Qazlal
Ru
Sif Muna
Trog
Uskayaw
Vehumet
Wu Jian
Xom
Yredelemnul
Zin
The Shining One

Annotations:
D:8 3 runed translucent doors, Leissi's ghost, journeyman DjWn


Innate Abilities, Weirdness & Mutations

You are immune to sickness and miasma.
Your stone body is resilient. (AC +8)
You are immune to poison.
You resist negative energy. (rN+)
You are resistant to electric shocks. (rElec)
You are resistant to unholy torment.
You are immune to petrification.


Message History

The yak is heavily wounded.
A nearby plant withers and dies.
Unknown command.
Casting: Stone Arrow (safe; 1% risk of failure)
Confirm with . or Enter, or press ? or * to list all spells.
Aiming: Stone Arrow (safe; 1% risk of failure)
Press: ? - help, Shift-Dir - straight line, f/p - yak
Aim: a yak (heavily wounded, 85% to hit)
The stone arrow hits the yak!
The yak is almost dead.
Unknown command.
Casting: Stone Arrow (safe; 1% risk of failure)
Confirm with . or Enter, or press ? or * to list all spells.
Aiming: Stone Arrow (safe; 1% risk of failure)
Press: ? - help, Shift-Dir - straight line, f/p - yak
Aim: a yak (almost dead, 85% to hit)
The stone arrow hits the yak!
You kill the yak!
A nearby plant withers and dies.
Unknown command.
Casting: Stone Arrow (safe; 1% risk of failure)
Confirm with . or Enter, or press ? or * to list all spells.
Aiming: Stone Arrow (safe; 1% risk of failure)
Press: ? - help, Shift-Dir - straight line, f - yak
Aim: a yak (almost dead, 85% to hit)
The stone arrow hits the yak!!
You kill the yak!
Unknown command.
You start resting.
A rime drake comes into view.
Casting: Stone Arrow (safe; 1% risk of failure)
Confirm with . or Enter, or press ? or * to list all spells.
Aiming: Stone Arrow (safe; 1% risk of failure)
Press: ? - help, Shift-Dir - straight line, f - yak
Aim: a yak (moderately wounded, 85% to hit)
The stone arrow hits the yak!!
The yak is almost dead.
The rime drake breathes ice at you. The flash freeze hits you!!
You die...

..........≈
......P≈♣♣♣k♣P♣♣≈♣♣≈♣≈≈. ...
..≈#≈♣P≈P♣≈♣≈≈P≈≈≈≈≈≈≈≈≈ .....
.#♣≈≈P≈P≈≈≈P≈≈≈≈≈≈≈≈≈≈≈♣≈ ......
.♣♣≈PP≈≈≈≈≈≈≈≈≈≈≈≈≈≈≈P≈≈♣♣ ......
≈♣P≈♣≈≈≈≈≈≈≈≈≈≈≈≈≈≈≈≈≈≈≈≈♣♣......
P≈≈≈≈≈≈≈≈≈≈≈≈≈≈≈≈≈≈≈≈≈≈≈≈≈≈♣.....
♣≈≈≈≈≈P≈≈≈≈≈≈≈≈≈≈≈≈≈≈P≈≈≈≈♣♣.....
≈P≈≈≈≈≈≈≈≈≈≈≈≈≈≈@≈≈≈≈♣P≈P≈≈♣.....
♣♣≈≈♣≈≈P≈≈≈≈≈≈≈≈≈≈≈≈≈P≈≈≈♣♣......
.♣≈≈≈≈♣≈≈≈≈≈≈≈≈≈≈≈≈≈≈≈≈≈♣♣.......
..PP♣≈≈PPPP≈≈≈≈P≈≈≈♣†≈≈♣†........
....≈≈♣♣≈≈†≈≈≈≈≈≈≈≈♣♣♣≈≈≈........
..#..≈≈♣♣≈♣≈≈♣≈♣≈Y♣♣♣≈####.......
..#######≈♣♣≈♣≈♣♣♣.♣### #......>.
### #♣##..#.....## ##P......
..### ##.##.#.....## ##.(....


You could see a yak and a rime drake (catching breath).

Vanquished Creatures
  2 two-headed ogres (D:10)
  Pikel (D:5)
  A deep elf pyromancer (D:10)
  A cyclops (D:8)
  Joseph (Lair:1)
  2 komodo dragons
  2 trolls
  5 yaks (Lair:1)
  A basilisk (D:7)
  4 vampire mosquitoes (D:7)
  Grum (D:8)
  2 wargs (D:9)
  5 water moccasins
  Duvessa (D:5)
  3 orc warriors
  An ice beast (D:7)
  4 sky beasts
  2 wolves (D:8)
  8 centaurs
  A lemure (D:6)
  2 bullfrogs
  A gnoll sergeant (D:9)
  A scorpion (D:3)
  Dowan (D:5)
  2 water moccasin zombies
  A killer bee (D:7)
  15 wights
  An electric eel (Lair:1)
  4 howler monkeys
  8 orc priests
  4 hounds
  4 bullfrog skeletons
  2 jellies
  2 iguanas (D:5)
  12 orc wizards
  2 howler monkey zombies
  5 gnolls (D:9)
  A howler monkey skeleton (D:4)
  3 adders
  2 shadow imps
  2 white imps
  2 ufetubi
  An adder skeleton (D:4)
  A dart slug (D:3)
  29 orcs
  5 endoplasms
  6 giant cockroaches
  5 goblins
  7 hobgoblins
  12 kobolds
  3 quokkas
  7 ball pythons
  8 bats
  2 frilled lizards
  10 rats
221 creatures vanquished.

Vanquished Creatures (others)
  14 plants
14 creatures vanquished.

Grand Total: 235 creatures vanquished

Notes
Turn   | Place    | Note
-------+----------+-------------------------------------------
     0 | D:1      | Kaptain the Gargoyle Earth Elementalist began the quest for
                  | the Orb.
     0 | D:1      | Reached XP level 1. HP: 10/10 MP: 3/3
   303 | D:1      | Reached XP level 2. HP: 16/16 MP: 0/5
   551 | D:1      | Reached skill level 1 in Conjurations
   741 | D:1      | Reached skill level 1 in Fighting
   949 | D:2      | Reached XP level 3. HP: 20/20 MP: 4/6
  1012 | D:2      | Learned a level 3 spell: Stone Arrow
  1015 | D:2      | Learned a level 2 spell: Blink
  1508 | D:2      | Reached skill level 4 in Earth Magic
  1538 | D:2      | Identified the amulet "Ixzeizoj" {RegenMP Dex+3}
  1576 | D:2      | Reached XP level 4. HP: 19/25 MP: 2/7
  2909 | D:3      | Reached skill level 1 in Armour
  2941 | D:3      | Noticed a scorpion
  2955 | D:3      | Killed a scorpion
  2956 | D:3      | Reached XP level 5. HP: 26/30 MP: 9/9
  3566 | D:4      | Found an ancient bone altar of Kikubaaqudgha.
  3685 | D:4      | Reached XP level 6. HP: 24/36 MP: 5/10
  3824 | D:4      | Identified the +1 pair of boots of the Barnacle {+Inv}
  3947 | D:4      | Noticed a water moccasin
  3952 | D:4      | Killed a water moccasin
  3953 | D:4      | Reached skill level 5 in Earth Magic
  4221 | D:5      | Entered Level 5 of the Dungeon
  4461 | D:5      | Reached XP level 7. HP: 24/41 MP: 12/12
  4902 | D:5      | Noticed Duvessa
  4903 | D:5      | Noticed Dowan
  4908 | D:5      | Killed Duvessa
  4914 | D:5      | Killed Dowan
  5043 | D:5      | Identified the -4 helmet "Roygenaa" {Dex+2}
  5175 | D:5      | Reached XP level 8. HP: 48/48 MP: 11/13
  5243 | D:6      | Noticed Pikel
  5256 | D:5      | Killed Pikel
  5257 | D:5      | Reached skill level 6 in Earth Magic
  5504 | D:6      | Reached skill level 5 in Conjurations
  5506 | D:6      | Reached skill level 5 in Fighting
  5567 | D:6      | Reached XP level 9. HP: 54/54 MP: 11/16
  5739 | D:6      | Reached skill level 7 in Earth Magic
  5788 | D:6      | Reached skill level 5 in Spellcasting
  6101 | D:7      | Found a staircase to the Ecumenical Temple.
  6111 | Temple   | Entered the Ecumenical Temple
  6906 | D:7      | Noticed a komodo dragon
  6910 | D:7      | Killed a komodo dragon
  6925 | D:7      | Got the Incunabulum of Weightlessness and Unholy Rituals
  7001 | D:7      | Reached skill level 8 in Earth Magic
  7098 | D:7      | Reached XP level 10. HP: 45/61 MP: 9/18
  7836 | D:8      | Found a runed translucent gate.
  7836 | D:8      | Found a runed translucent gate.
  7836 | D:8      | Found a runed translucent gate.
  7996 | D:8      | Noticed Leissi's ghost (journeyman DjWn)
  8016 | D:8      | Noticed a cyclops
  8022 | D:8      | Killed a cyclops
  8574 | D:8      | Noticed Grum
  8577 | D:8      | Killed Grum
  8581 | D:8      | Reached skill level 5 in Armour
  9192 | D:9      | Found a staircase to the Lair.
  9211 | D:8      | Reached skill level 9 in Earth Magic
 10159 | D:10     | Entered Level 10 of the Dungeon
 10291 | D:10     | Noticed a two-headed ogre
 10295 | D:10     | Killed a two-headed ogre
 10296 | D:10     | Reached skill level 1 in Shields
 10296 | D:10     | Reached XP level 11. HP: 58/68 MP: 19/21
 10716 | D:10     | Noticed a two-headed ogre
 10721 | D:10     | Killed a two-headed ogre
 10899 | D:10     | Noticed a deep elf pyromancer
 10908 | D:10     | Killed a deep elf pyromancer
 11489 | Lair:1   | Entered Level 1 of the Lair of Beasts
 11543 | Lair:1   | Reached skill level 10 in Earth Magic
 11589 | Lair:1   | Noticed Joseph
 11596 | Lair:1   | Killed Joseph
 11899 | Lair:1   | Killed from afar by a rime drake

Illustrated notes

Levels and vault maps discovered:
D:1:      onia_arrival_handbag, layout_rooms
D:2:      layout_loops_ring, minmay_misc_feat_secret_circle,
          chequers_mini_garden, grunt_ministairs_11, kennysheep_path_1
D:3:      layout_basic, minmay_misc_feat_tiny
D:4:      layout_basic, kiku_gazebo_garden_becter, hangedman_decor_lopped
D:5:      layout_loops_ring, kennysheep_cluttered_room, uniq_duvessa
D:6:      layout_gridville, kennysheep_generic_room_12, uniq_pikel
D:7:      nzn_winding_woodlands_three_and_one
          [nzn_winding_woodlands_5x15_garden, nzn_winding_woodlands_5x15_jagged,
          nzn_winding_woodlands_5x15_eye,
          nzn_winding_woodlands_center_diamonds], layout_loops_ring,
          minmay_temple_entry_proselytizer, amcnicky_mini_pool_medium
D:8:      layout_basic, ebering_ghost_rock_garden, chequers_jeans, uniq_grum
D:9:      layout_loops_ring, erik_lair_orcish_takeover
D:10:     layout_loops_corners
Temple:   mainiacjoe_temple_circle_huts
Lair:1:   layout_hall_layers, serial_bayou_lake_a, uniq_joseph

Skill      XL: |  1  2  3  4  5  6  7  8  9 10 11 |
---------------+----------------------------------+-----
Conjurations   | 1 2 3 4 5 6 8 |  8.5
Fighting       | 1 2 3 4 5 6 7 8 |  8.4
Earth Magic    | 4 5 6 8 9 10 | 10.1
Armour         | 1 2 3 4 5 |  5.9
Dodging        | 2 3 4 |  4.8
Spellcasting   | 3 4 5 7 |  7.4
Shields        | 1 2 |  2.4
Stealth        | 3 |  3.6
Transmutations | |  0.7

Action                   |  1- 3 |  4- 6 |  7- 9 | 10-12 || total
-------------------------+-------+-------+-------+-------++-------
Melee: Unarmed           |     4 |       |       |       ||     4
       Dagger            |    24 |       |       |       ||    24
       Short sword       |     7 |       |     7 |    23 ||    37
       Punch             |     1 |       |       |       ||     1
       Hand axe          |       |    13 |     2 |       ||    15
       Battleaxe         |       |       |       |    26 ||    26
 Fire: Hunting sling     |     9 |    80 |       |       ||    89
 Cast: Sandblast         |    32 |    19 |    29 |    27 ||   107
       Stone Arrow       |     1 |    34 |    93 |   144 ||   272
  Use: Scroll            |       |    14 |     1 |       ||    15
       Potion            |       |       |       |     1 ||     1
 Stab: Sleeping          |     2 |       |       |     1 ||     3
Armor: Robe              |    13 |     6 |       |       ||    19
       Leather armour    |       |    12 |    27 |    71 ||   110
Dodge: Dodged            |    25 |    40 |    40 |    71 ||   176
